[Event "Titled Tuesday Blitz March 14 Late 2023"]
[White "Avila Pavas, Santiago"]
[Black "Dinu, Dumitru-Daniel"]
[WhiteFideId "4437128"]
[BlackFideId "1208403"]
[WhiteElo "2365"]
[BlackElo "2240"]
[Result "1/2-1/2"]
[Round "05"]
[TimeControl "180+1"]
[Date "2023.03.14"]
[WhiteClock "0:00:19"]
[BlackClock "0:00:02"]

1. d4 Nf6 2. Nf3 e6 3. Bf4 b6 4. e3 Bb7 5. Nbd2 Be7 6. Bd3 O-O 7. Qe2 d5 8. Ne5 Nbd7 9. Qf3 Nxe5 10. Bxe5 c5 11. c3 cxd4 12. exd4 Nd7 13. Qh3 g6 14. Bf4 Bg5 15. Qg3 Bxf4 16. Qxf4 e5 17. dxe5 Nxe5 18. Be2 Re8 19. O-O Qd7 20. Rad1 Rad8 21. Nb3 Qc8 22. Nd4 Nc4 23. Qc1 Re7 24. Bf3 Rde8 25. h3 Ne5 26. Rfe1 Nd3 27. Rxe7 Nxc1 28. Rxe8+ Qxe8 29. Rxc1 Kg7 30. g3 Qd7 31. Kg2 Qd6 32. Re1 a6 33. h4 b5 34. a3 Bc6 35. h5 Bd7 36. hxg6 hxg6 37. Rd1 Be6 38. Nc2 a5 39. Ne3 b4 40. axb4 axb4 41. Nxd5 bxc3 42. bxc3 Qc5 43. Rd3 Qc4 44. Rd4 Qc5 45. Rd3 Qc4 46. Nf4 Bf5 47. Re3 Qc5 48. Nd5 Qd6 49. c4 Be6 50. Rc3 Qc5 51. Nf4 Qd4 52. Nxe6+ fxe6 53. Rc1 Qc5 54. Rc2 Kf6 55. Be4 g5 56. Kf3 Qe5 57. c5 g4+ 58. Ke3 Qg5+ 59. Kd3 Qe5 60. c6 Qc7 61. Rb2 Ke5 62. Rb5+ Kf6 63. Rb7 Qd6+ 64. Ke2 Qe5 65. Kd3 Qd6+ 66. Ke3 Qc5+ 67. Ke2 Qc4+ 68. Ke3 Qc5+ 69. Kd3 Qd6+ 1/2-1/2


[Site "https://www.chess.com"]

[Event "Titled Tuesday Blitz March 14 Late 2023"]
[White "Bach, Matthias"]
[Black "Shapiro, Viktor"]
[WhiteFideId "4603168"]
[BlackFideId "4175700"]
[WhiteElo "2165"]
[BlackElo "2152"]
[Result "1-0"]
[Round "05"]
[TimeControl "180+1"]
[Date "2023.03.14"]
[WhiteClock "0:00:55"]
[BlackClock "0:01:18"]

1. d4 Nf6 2. c4 e6 3. Nc3 Bb4 4. Bg5 c5 5. d5 h6 6. Bh4 Nxd5 7. Bxd8 Nxc3 8. Qb3 Ne4+ 9. Kd1 Nxf2+ 10. Kc1 Kxd8 11. Qg3 Nxh1 12. Qxg7 Re8 13. g3 Nc6 14. Bg2 Nf2 15. Qf6+ Kc7 16. Qxf2 f5 17. a3 Ba5 18. e3 b6 19. Qf4+ d6 20. Bxc6 Kxc6 21. Qf3+ d5 22. Ne2 Bb7 23. Nf4 Rad8 24. cxd5+ exd5 25. Kc2 Kc7 26. Rd1 d4 27. Qh5 Be4+ 28. Kc1 dxe3 29. Ne6+ Rxe6 30. Qf7+ Kc8 31. Qxe6+ Kc7 32. Qe7+ Kc6 33. Rxd8 Bd2+ 34. Rxd2 exd2+ 35. Kxd2 a5 36. Qf6+ Kb5 37. Qxh6 a4 38. Qg7 Kc6 39. h4 b5 40. h5 b4 41. h6 f4 42. gxf4 bxa3 43. bxa3 1-0


[Site "https://www.chess.com"]

[Event "Titled Tuesday Blitz March 14 Late 2023"]
[White "Barash, Anton"]
[Black "Burke, Paul"]
[WhiteFideId "30935229"]
[BlackFideId "2605767"]
[WhiteElo "2337"]
[BlackElo "1853"]
[Result "1-0"]
[Round "05"]
[TimeControl "180+1"]
[Date "2023.03.14"]
[WhiteClock "0:00:33"]
[BlackClock "0:00:03"]

1. e4 e5 2. Nc3 Nc6 3. f4 Bc5 4. fxe5 Bxg1 5. Rxg1 Nge7 6. d4 d6 7. exd6 Qxd6 8. Be3 O-O 9. Qd2 a6 10. O-O-O b5 11. Bf4 Qb4 12. Bxc7 Ng6 13. d5 Nce5 14. Qd4 Nc4 15. Bxc4 bxc4 16. a3 Qb7 17. d6 Bg4 18. Rd2 Rac8 19. e5 Be6 20. Nd5 Qb5 21. Nb6 c3 22. Qxc3 Nxe5 23. Nxc8 1-0


[Site "https://www.chess.com"]

[Event "Titled Tuesday Blitz March 14 Late 2023"]
[White "Blanco Acevedo, Cristobal Jose"]
[Black "Tarnowska, Aleksandra"]
[WhiteFideId "3900525"]
[BlackFideId "1180967"]
[WhiteElo "2278"]
[BlackElo "1776"]
[Result "1-0"]
[Round "05"]
[TimeControl "180+1"]
[Date "2023.03.14"]
[WhiteClock "0:02:14"]
[BlackClock "0:00:02"]

1. e4 c5 2. Nf3 e6 3. d3 Nc6 4. g3 d6 5. Bg2 Nf6 6. O-O Be7 7. h3 O-O 8. c3 Qc7 9. Qe1 Ne5 10. Qe2 Nxf3+ 11. Qxf3 d5 12. Nd2 dxe4 13. dxe4 e5 14. Nc4 b5 15. Ne3 Bb7 16. Nd5 Nxd5 17. exd5 c4 18. a4 Rad8 19. Rd1 b4 20. a5 a6 21. Be3 Bc5 22. cxb4 Bxe3 23. Qxe3 Qd6 24. Qc5 Qg6 25. Qxc4 Rc8 26. Qd3 Qd6 27. Rac1 h6 28. Rxc8 Rxc8 29. Kh2 Rd8 30. Qc3 f6 31. Qc5 Qd7 32. d6 Bxg2 33. Kxg2 Qb7+ 34. Qd5+ Qxd5+ 35. Rxd5 Kf7 36. b5 axb5 37. Rxb5 Rxd6 38. Rb7+ Kg6 39. b4 Ra6 40. Rb6 Ra7 41. a6 Kf5 42. b5 Ke4 43. Rb7 Ra8 44. a7 Kd5 45. b6 Kc6 46. Rb8 Rxa7 47. bxa7 1-0


[Site "https://www.chess.com"]

[Event "Titled Tuesday Blitz March 14 Late 2023"]
[White "Campelo, Leandro Fabricio"]
[Black "Sarkar, Justin"]
[WhiteFideId "2103346"]
[BlackFideId "2010011"]
[WhiteElo "2070"]
[BlackElo "2189"]
[Result "1-0"]
[Round "05"]
[TimeControl "180+1"]
[Date "2023.03.14"]
[WhiteClock "0:01:41"]
[BlackClock "0:00:02"]

1. e4 e5 2. Nf3 Nc6 3. Bb5 a6 4. Ba4 Nf6 5. O-O Be7 6. Re1 b5 7. Bb3 d6 8. c3 O-O 9. h3 h6 10. d4 Re8 11. Nbd2 Bf8 12. Bc2 Bd7 13. Nf1 exd4 14. cxd4 Nb4 15. Bb1 c5 16. a3 Nc6 17. d5 Ne5 18. Nxe5 dxe5 19. Ng3 Bd6 20. Be3 c4 21. Qd2 Qc7 22. Bc2 Bc5 23. Bxh6 gxh6 24. Qxh6 Nh7 25. Nf5 Bxf5 26. exf5 f6 27. Re4 Ng5 28. Rg4 Qf7 29. h4 Bf8 30. Qg6+ Qxg6 31. fxg6 1-0


[Site "https://www.chess.com"]

[Event "Titled Tuesday Blitz March 14 Late 2023"]
[White "Caruana, Fabiano"]
[Black "Cardoso Cardoso, Jose Gabriel"]
[WhiteFideId "2020009"]
[BlackFideId "4430492"]
[WhiteElo "2818"]
[BlackElo "2496"]
[Result "1-0"]
[Round "05"]
[TimeControl "180+1"]
[Date "2023.03.14"]
[WhiteClock "0:00:27"]
[BlackClock "0:00:03"]

1. c4 g6 2. g3 Bg7 3. Bg2 c5 4. Nc3 Nc6 5. e3 d6 6. Nge2 e5 7. O-O Nge7 8. b3 O-O 9. Bb2 Be6 10. Nd5 Qd7 11. Nec3 Bh3 12. d3 Bxg2 13. Kxg2 Nxd5 14. Nxd5 Ne7 15. Qf3 Nxd5 16. Qxd5 Rac8 17. e4 Qc6 18. Qxc6 Rxc6 19. Bc3 f5 20. Rab1 b6 21. f3 Bh6 22. Kf2 Kf7 23. Ke2 Ke6 24. b4 cxb4 25. Rxb4 fxe4 26. fxe4 Rxf1 27. Kxf1 Be3 28. Ke2 Bc5 29. Rb1 Rc7 30. a4 a5 31. Bd2 Bd4 32. Bg5 Bc5 33. Be3 Bxe3 34. Kxe3 Rc6 35. g4 Ke7 36. g5 Ke6 37. Rf1 Rc8 38. Rh1 Kd7 39. Rb1 Rc6 40. Rf1 Ke7 41. h4 Rc8 42. Rb1 Rc6 43. Rh1 Rc8 44. h5 Kf7 45. Rf1+ Ke7 46. Rh1 Kf7 47. hxg6+ Kxg6 48. Rh6+ Kxg5 49. Rxh7 Kf6 50. Rb7 Rc6 51. Kf3 Ke6 52. Kg4 Kf6 53. Rb8 Kg6 54. Rg8+ Kf6 55. Rf8+ Kg6 56. Rb8 Kf6 57. Kh5 Kf7 58. Kg5 Ke6 59. Kg6 Ke7 60. Kf5 Kd7 61. Rb7+ Kc8 62. Rh7 Rc7 63. Rh8+ Kd7 64. Rb8 Kc6 65. Ke6 Rh7 66. Rc8+ Rc7 67. Rd8 Kc5 68. Rxd6 Kb4 69. Rxb6+ Kxa4 70. Kxe5 Ka3 71. Kd6 a4 72. Kxc7 1-0


[Site "https://www.chess.com"]

[Event "Titled Tuesday Blitz March 14 Late 2023"]
[White "Cheng, Xiao"]
[Black "Aung Thant Zin"]
[WhiteFideId "2022915"]
[BlackFideId "13000063"]
[WhiteElo "2455"]
[BlackElo "2278"]
[Result "1-0"]
[Round "05"]
[TimeControl "180+1"]
[Date "2023.03.14"]
[WhiteClock "0:00:58"]
[BlackClock "0:00:03"]

1. e4 c5 2. Nf3 Nc6 3. d4 cxd4 4. Nxd4 Nf6 5. Nc3 d6 6. Bc4 Qb6 7. Nde2 e6 8. O-O Be7 9. Bb3 O-O 10. Be3 Qc7 11. Nd4 a6 12. Kh1 b5 13. Nxc6 Qxc6 14. f3 Bb7 15. Ne2 d5 16. e5 Nd7 17. Nd4 Qc7 18. f4 Bc5 19. c3 Bxd4 20. Bxd4 Nc5 21. Bc2 Ne4 22. Qh5 g6 23. Qh6 Rfc8 24. Rf3 b4 25. Bxe4 dxe4 26. Rh3 f5 27. exf6 Qf7 28. Rg3 bxc3 29. bxc3 Rd8 30. Re1 Rac8 31. h4 Rxd4 32. cxd4 Qxf6 33. Qg5 Qxd4 34. Qg4 Qf6 35. h5 Kg7 36. Qg5 Rc2 37. a3 1-0


[Site "https://www.chess.com"]

[Event "Titled Tuesday Blitz March 14 Late 2023"]
[White "Chigaev, Maksim"]
[Black "Volkov, Maksim"]
[WhiteFideId "4108116"]
[BlackFideId "54123070"]
[WhiteElo "2547"]
[BlackElo "2312"]
[Result "1-0"]
[Round "05"]
[TimeControl "180+1"]
[Date "2023.03.14"]
[WhiteClock "0:00:04"]
[BlackClock "0:00:01"]

1. Nf3 d5 2. g3 Bg4 3. Bg2 c6 4. O-O e6 5. h3 Bh5 6. c4 Nf6 7. d4 Nbd7 8. cxd5 exd5 9. Ne5 Be7 10. Nc3 O-O 11. g4 Bg6 12. f4 Be4 13. Qb3 Bxg2 14. Kxg2 Nb6 15. Be3 Ne8 16. Bf2 Nd6 17. Rad1 Qc7 18. f5 Rae8 19. a4 Nbc4 20. e4 Bg5 21. exd5 Nd2 22. Rxd2 Bxd2 23. dxc6 bxc6 24. Bg3 Qb6 25. Qxb6 axb6 26. f6 Re6 27. Nxc6 Nc4 28. Ne7+ Kh8 29. fxg7+ Kxg7 30. Nf5+ Kg8 31. Nd5 Rfe8 32. g5 Bxg5 33. h4 Bd8 34. Kh3 Re4 35. Rg1 Kh8 36. b3 Nd2 37. Nd6 f6 38. Nxe8 Rxe8 39. Bf4 Ne4 40. Rg2 f5 41. Rc2 h5 42. Be5+ Kh7 43. Nf4 Rg8 44. Ne6 Be7 45. d5 1-0


[Site "https://www.chess.com"]

[Event "Titled Tuesday Blitz March 14 Late 2023"]
[White "Costachi, Mihnea"]
[Black "Jaskolka, Tomasz"]
[WhiteFideId "1217518"]
[BlackFideId "1170791"]
[WhiteElo "2456"]
[BlackElo "2155"]
[Result "1-0"]
[Round "05"]
[TimeControl "180+1"]
[Date "2023.03.14"]
[WhiteClock "0:00:13"]
[BlackClock "0:00:01"]

1. Nc3 d5 2. d4 Nf6 3. Bf4 c6 4. e3 Bf5 5. Bd3 Bxd3 6. Qxd3 e6 7. Nf3 Bd6 8. O-O h6 9. Bxd6 Qxd6 10. e4 dxe4 11. Nxe4 Nxe4 12. Qxe4 Nd7 13. Rad1 Nf6 14. Qd3 Rd8 15. c3 O-O 16. Qe2 c5 17. h3 cxd4 18. Rxd4 Qb6 19. Rfd1 Rxd4 20. Rxd4 Rd8 21. b3 Rxd4 22. Nxd4 Qc5 23. Qd3 Nd5 24. Ne2 Nf6 25. c4 Qa3 26. Qd8+ Kh7 27. Qd3+ Kg8 28. Qd2 g6 29. Nc3 Qa5 30. Qd4 Qf5 31. Qxa7 Ne4 32. Nxe4 Qxe4 33. Qa5 Qb1+ 34. Kh2 Qc2 35. Qd8+ Kg7 36. Qd4+ Kg8 37. Qa7 Kg7 38. Qxb7 Qxf2 39. Qf3 Qxa2 40. Qc3+ Kf8 41. c5 Qf2 42. Qe5 Ke8 43. Qb8+ Kd7 44. Qd6+ Kc8 45. c6 Qb6 46. Qd7+ Kb8 47. Qe8+ Kc7 48. Qxf7+ Kb8 49. Qe8+ Ka7 50. Qd7+ Ka6 51. c7 Qb8 1-0


[Site "https://www.chess.com"]

[Event "Titled Tuesday Blitz March 14 Late 2023"]
[White "Daneshvar, Bardiya"]
[Black "Matinian, Nikita"]
[WhiteFideId "12576468"]
[BlackFideId "24129100"]
[WhiteElo "2468"]
[BlackElo "2422"]
[Result "1-0"]
[Round "05"]
[TimeControl "180+1"]
[Date "2023.03.14"]
[WhiteClock "0:00:10"]
[BlackClock "0:00:01"]

1. b3 Nf6 2. Bb2 g6 3. g3 Bg7 4. Bg2 c5 5. c4 d6 6. Nf3 e5 7. O-O Nc6 8. Nc3 O-O 9. d3 h6 10. Nd2 Be6 11. Nde4 Ne8 12. Nd5 f5 13. Nec3 Qd7 14. e3 g5 15. Ne2 Nf6 16. a3 Rad8 17. b4 cxb4 18. axb4 b6 19. b5 Na5 20. Bc3 Bxd5 21. cxd5 Qxb5 22. Bxa5 bxa5 23. Ra4 Nxd5 24. Qa1 Nf6 25. Rd1 e4 26. Rxa5 Qe8 27. Rxf5 exd3 28. Rxd3 Ne4 29. Qa5 Nc5 30. Rdd5 Rxf5 31. Rxf5 Rb8 32. Bd5+ Kh8 33. Qxa7 Nd3 34. Rf7 Rb1+ 35. Kg2 g4 36. Ng1 Ne1+ 37. Kh1 Nf3 38. Bxf3 gxf3 39. Rxg7 Qe4 40. h4 Qf5 41. Kh2 Rb2 42. Nh3 Rb1 43. g4 Qe5+ 44. Nf4 Qxg7 45. Qa8+ Qg8 46. Qxf3 Rb2 47. h5 Qg5 48. Ng6+ Kh7 49. Qf7# 1-0


[Site "https://www.chess.com"]

[Event "Titled Tuesday Blitz March 14 Late 2023"]
[White "Deac, Bogdan-Daniel"]
[Black "Shubin, Kirill"]
[WhiteFideId "1226380"]
[BlackFideId "34119962"]
[WhiteElo "2649"]
[BlackElo "2407"]
[Result "1-0"]
[Round "05"]
[TimeControl "180+1"]
[Date "2023.03.14"]
[WhiteClock "0:00:04"]
[BlackClock "0:00:07"]

1. b3 e5 2. Bb2 Nc6 3. Nf3 Bd6 4. d3 Nf6 5. g3 O-O 6. Bg2 Re8 7. O-O Bf8 8. c4 d6 9. a3 h6 10. Nbd2 a5 11. Qc2 Bf5 12. e4 Bh7 13. Bc3 g6 14. b4 Bg7 15. Qb2 b6 16. d4 exd4 17. Nxd4 Nxd4 18. Bxd4 axb4 19. axb4 Rxa1 20. Rxa1 g5 21. f3 Nh5 22. Nb3 c5 23. Bxg7 Nxg7 24. Rd1 Qe7 25. Qd2 g4 26. Qxh6 gxf3 27. Bxf3 Bxe4 28. Re1 f5 29. bxc5 bxc5 30. Nd2 Qe5 31. Bxe4 Qd4+ 32. Qe3 fxe4 33. Qxd4 cxd4 34. Rxe4 Rxe4 35. Nxe4 Nf5 36. Kf2 Kf7 37. Ke2 Ke6 38. Kd3 Ke5 39. Ng5 d5 40. Nf3+ Kd6 41. Nxd4 dxc4+ 42. Kxc4 Ne3+ 43. Kd3 Ng4 44. Nf3 Ke6 45. Ke4 Nf2+ 46. Kf4 Nd3+ 47. Kg5 Kd5 48. h4 Ke4 49. Nd2+ Ke3 50. Nc4+ Kf3 51. h5 Kxg3 52. h6 Nf4 53. h7 Ne6+ 54. Kh6 Nd8 55. Ne5 1-0


[Site "https://www.chess.com"]

[Event "Titled Tuesday Blitz March 14 Late 2023"]
[White "Di Berardino, Diego Rafael"]
[Black "Buchenau, Frank"]
[WhiteFideId "2105446"]
[BlackFideId "4604350"]
[WhiteElo "2432"]
[BlackElo "2157"]
[Result "1-0"]
[Round "05"]
[TimeControl "180+1"]
[Date "2023.03.14"]
[WhiteClock "0:00:46"]
[BlackClock "0:00:11"]

1. e4 e6 2. d4 d5 3. Nd2 c5 4. exd5 Qxd5 5. dxc5 Nf6 6. Ngf3 Nbd7 7. Bc4 Qxc5 8. O-O Bd6 9. Qe2 O-O 10. Bd3 Qc7 11. Ne4 Nxe4 12. Qxe4 Nf6 13. Qh4 e5 14. Bg5 e4 15. Bxf6 Bf5 16. Bxe4 Bxe4 17. Qxe4 gxf6 18. Qf5 Be5 19. c3 Qc8 20. Qh5 Re8 21. Rfe1 Qc5 22. Re3 Rad8 23. Rae1 Qc4 24. Nxe5 Rxe5 25. Rxe5 fxe5 26. Qg5+ 1-0


[Site "https://www.chess.com"]

[Event "Titled Tuesday Blitz March 14 Late 2023"]
[White "Diaz Perez, Michel Alejandro"]
[Black "Svane, Frederik"]
[WhiteFideId "3517179"]
[BlackFideId "12923044"]
[WhiteElo "2333"]
[BlackElo "2502"]
[Result "0-1"]
[Round "05"]
[TimeControl "180+1"]
[Date "2023.03.14"]
[WhiteClock "0:00:03"]
[BlackClock "0:00:58"]

1. Nf3 d5 2. c4 e6 3. e3 Nf6 4. Qc2 c5 5. cxd5 exd5 6. d4 cxd4 7. Nxd4 Bd6 8. Nc3 O-O 9. Bd3 Nc6 10. Nxc6 bxc6 11. Ne2 c5 12. h3 g6 13. b3 Be6 14. Nc3 d4 15. exd4 cxd4 16. Nb5 Rc8 17. Qb2 Bb4+ 18. Bd2 Bxd2+ 19. Qxd2 a6 20. Na3 Qd6 21. Nc2 Nd5 22. O-O Nf4 23. Be4 Rfd8 24. Rfd1 d3 25. Ne3 Ne2+ 26. Kh1 Nc3 27. Bxd3 Nxd1 28. Rxd1 Qc6 29. Kg1 Rd4 30. Qe2 Rcd8 31. Bc2 Rxd1+ 32. Bxd1 a5 33. Bc2 Qc3 34. Be4 Rd2 35. Qb5 Rxa2 36. Bd5 Qa1+ 37. Kh2 Qe5+ 38. g3 Rxf2+ 39. Kh1 Qa1+ 0-1


[Site "https://www.chess.com"]

[Event "Titled Tuesday Blitz March 14 Late 2023"]
[White "Djordjevic, Dejan N"]
[Black "Kovacs, Klara"]
[WhiteFideId "913316"]
[BlackFideId "733210"]
[WhiteElo "2261"]
[BlackElo "2179"]
[Result "1-0"]
[Round "05"]
[TimeControl "180+1"]
[Date "2023.03.14"]
[WhiteClock "0:00:57"]
[BlackClock "0:00:55"]

1. e4 e6 2. d3 d5 3. Nd2 Nf6 4. Ngf3 c5 5. c3 Nc6 6. Be2 dxe4 7. dxe4 e5 8. O-O Bg4 9. h3 Bh5 10. Qc2 Bg6 11. Re1 Be7 12. Bb5 Qb6 13. Bxc6+ bxc6 14. Nxe5 O-O 15. Ndc4 Qc7 16. f4 Nxe4 17. Nxg6 hxg6 18. Rxe4 Bf6 19. Be3 Rfe8 20. Rxe8+ Rxe8 21. Rf1 Qe7 22. Qa4 Qe6 23. Bxc5 Qd5 24. Bf2 Re2 25. Qb3 Bh4 26. Ne5 Qd2 27. Qxf7+ Kh8 28. Nxg6+ Kh7 29. Nxh4 1-0


[Site "https://www.chess.com"]

[Event "Titled Tuesday Blitz March 14 Late 2023"]
[White "Domingo Nunez, Ruben"]
[Black "Miszler, Levente"]
[WhiteFideId "22245570"]
[BlackFideId "763276"]
[WhiteElo "2404"]
[BlackElo "2176"]
[Result "1/2-1/2"]
[Round "05"]
[TimeControl "180+1"]
[Date "2023.03.14"]
[WhiteClock "0:00:04"]
[BlackClock "0:00:10"]

1. e4 e6 2. b3 a5 3. a4 d5 4. Bb2 Nf6 5. e5 Nfd7 6. h4 f6 7. exf6 Nxf6 8. h5 Be7 9. h6 g6 10. Nf3 O-O 11. Bd3 Nc6 12. Qe2 Bd6 13. Na3 e5 14. Bb5 e4 15. Ng5 Ne5 16. f4 exf3 17. gxf3 c6 18. O-O-O Re8 19. Bd3 Nxd3+ 20. Qxd3 Bf5 21. Qd4 Be5 22. Qc5 Bxb2+ 23. Kxb2 Nd7 24. Qd4 Qf6 25. Qxf6 Nxf6 26. Rde1 Nh5 27. Re3 Rxe3 28. dxe3 Re8 29. Re1 Ng3 30. Kc3 Bd7 31. e4 dxe4 32. fxe4 Re5 33. Nf3 Rxe4 34. Rxe4 Nxe4+ 35. Kd4 Nf6 36. Nc4 Bf5 37. Nxa5 Bxc2 38. Nxb7 Bxb3 39. a5 Nd7 40. Ne5 Nb8 41. Nc5 g5 42. a6 Nxa6 43. Nxa6 Kf8 44. Nc5 Bc2 45. Ne6+ Ke7 46. Nxg5 Kf6 47. Ngf7 Bb3 48. Nd6 Kg5 49. Kc3 Kxh6 50. Kxb3 Kg5 51. Nxc6 h5 52. Ne4+ Kf4 53. Nf2 h4 54. Nd4 h3 55. Nxh3+ 1/2-1/2


[Site "https://www.chess.com"]

[Event "Titled Tuesday Blitz March 14 Late 2023"]
[White "Drygalov, Andrey"]
[Black "Thomforde-Toates, Noah"]
[WhiteFideId "24171735"]
[BlackFideId "30951992"]
[WhiteElo "2471"]
[BlackElo "2627"]
[Result "1-0"]
[Round "05"]
[TimeControl "180+1"]
[Date "2023.03.14"]
[WhiteClock "0:00:26"]
[BlackClock "0:00:05"]

1. e4 c5 2. Nf3 g6 3. d4 cxd4 4. Nxd4 Bg7 5. c4 Nc6 6. Be3 Nf6 7. Nc3 Ng4 8. Qxg4 Nxd4 9. Qd1 e5 10. Bd3 O-O 11. O-O d6 12. Ne2 Be6 13. Nxd4 exd4 14. Bf4 Rc8 15. Rc1 Qb6 16. Qd2 a5 17. b3 Qc5 18. Bh6 Rfe8 19. Bxg7 Kxg7 20. Rfd1 Qa3 21. Bb1 Red8 22. Qxd4+ Kg8 23. h3 a4 24. Rc3 Qb4 25. Rcd3 axb3 26. axb3 b5 27. cxb5 Qxb5 28. Qe3 Rb8 29. Bc2 Rdc8 30. R1d2 Qe5 31. f4 Qa1+ 32. Kh2 Qc1 33. Bd1 h5 34. f5 gxf5 35. Bxh5 fxe4 36. Qxe4 Qc5 37. Rxd6 Qxh5 38. Qf4 Rxb3 39. Rd8+ Rxd8 40. Rxd8+ Kh7 41. Qd4 Rxh3+ 42. gxh3 Qxh3+ 43. Kg1 Qg3+ 44. Kf1 Bh3+ 45. Ke2 Qf4 46. Qxf4 1-0


[Site "https://www.chess.com"]

[Event "Titled Tuesday Blitz March 14 Late 2023"]
[White "Estrada Nieto, Julian"]
[Black "Dahl, Trygve"]
[WhiteFideId "5101018"]
[BlackFideId "1513427"]
[WhiteElo "2176"]
[BlackElo "2125"]
[Result "1-0"]
[Round "05"]
[TimeControl "180+1"]
[Date "2023.03.14"]
[WhiteClock "0:00:07"]
[BlackClock "0:00:09"]

1. e4 e5 2. Nf3 Nf6 3. d4 Nxe4 4. Bd3 d5 5. Nxe5 Be7 6. O-O O-O 7. Nc3 Nf6 8. Bg5 Nbd7 9. Re1 Re8 10. Qf3 c6 11. h3 Nf8 12. Re2 Ng6 13. Rae1 Qc7 14. Bxf6 Bxf6 15. Ng4 Rxe2 16. Nxf6+ gxf6 17. Rxe2 Kg7 18. Nd1 Be6 19. Ne3 Qf4 20. Qxf4 Nxf4 21. Rd2 Rg8 22. Kh2 Kf8 23. h4 h5 24. g3 Ng6 25. Nf5 Bxf5 26. Bxf5 Ne7 27. Bd3 Ke8 28. Be2 Rh8 29. Bf3 Kd7 30. Rd3 Nf5 31. Bg2 Nd6 32. Ra3 a6 33. Rf3 f5 34. Bh3 Ke6 35. Re3+ Kf6 36. Kg2 Re8 37. Rxe8 Nxe8 38. Kf3 Nd6 39. b3 Ne4 40. Ke3 Nc3 41. a4 Ne4 42. Bf1 Nd6 43. Be2 Kg6 44. Kf4 f6 45. f3 Ne8 46. Bd3 Ng7 47. g4 Ne6+ 48. Ke3 Ng7 49. gxf5+ Kf7 50. Kf4 Ne8 51. Ke3 Kg7 52. f4 Nd6 53. c4 Ne8 54. c5 Kh6 55. Be2 Ng7 56. Bd3 Ne8 57. Kd2 Nc7 58. Kc3 Na8 59. Kb4 Nc7 60. Ka5 Na8 61. b4 Kg7 62. b5 cxb5 63. axb5 axb5 64. Kxb5 Kh6 65. c6 b6 66. Ka6 b5 67. Kb7 1-0


[Site "https://www.chess.com"]

[Event "Titled Tuesday Blitz March 14 Late 2023"]
[White "Ezat, Mohamed"]
[Black "Rasulov, Vugar"]
[WhiteFideId "10600906"]
[BlackFideId "13402390"]
[WhiteElo "2386"]
[BlackElo "2509"]
[Result "1-0"]
[Round "05"]
[TimeControl "180+1"]
[Date "2023.03.14"]
[WhiteClock "0:00:07"]
[BlackClock "0:00:00"]

1. d4 Nf6 2. c4 g6 3. Nc3 d5 4. Bg5 Bg7 5. Bxf6 Bxf6 6. cxd5 O-O 7. e3 Nd7 8. Nf3 Nb6 9. Qb3 c6 10. dxc6 bxc6 11. Be2 Rb8 12. Qd1 Nd5 13. Nxd5 Qxd5 14. Qd2 c5 15. O-O Rd8 16. Rfd1 Bf5 17. Rac1 Qxa2 18. Ra1 Qxb2 19. Rxa7 Qxd2 20. Rxd2 cxd4 21. exd4 Rb1+ 22. Rd1 Rxd1+ 23. Bxd1 e5 24. Bb3 e4 25. Rxf7 exf3 26. Rxf6+ Kh8 27. gxf3 Rxd4 28. Be6 Bd3 29. Rf8+ Kg7 30. Rf7+ Kh6 31. Kg2 Be2 32. Kg3 Rd1 33. h4 Rd6 34. Re7 Rd8 35. f4 Bb5 36. f5 Bd3 37. f6 Rf8 38. f7 Kg7 39. Re8 Bb5 40. Rxf8 Kxf8 41. Kf4 Ke7 42. Ke5 Be2 43. f4 Bd3 44. f5 Bc2 45. f6+ Kf8 46. Bd5 Bd3 47. Be4 Bxe4 48. Kxe4 Kxf7 49. Ke5 h6 50. h5 g5 51. Kf5 Kf8 52. Kg6 g4 53. Kxh6 g3 54. Kh7 1-0


[Site "https://www.chess.com"]

[Event "Titled Tuesday Blitz March 14 Late 2023"]
[White "Fajdetic, Hrvoje"]
[Black "Cramling Bellon, Anna"]
[WhiteFideId "14501945"]
[BlackFideId "32009232"]
[WhiteElo "2185"]
[BlackElo "1972"]
[Result "0-1"]
[Round "05"]
[TimeControl "180+1"]
[Date "2023.03.14"]
[WhiteClock "0:00:07"]
[BlackClock "0:00:05"]

1. f4 c5 2. Nf3 e6 3. e4 d5 4. e5 Nc6 5. Bb5 h5 6. Bxc6+ bxc6 7. O-O Nh6 8. c3 d4 9. c4 Nf5 10. d3 Be7 11. Na3 h4 12. Qa4 Bd7 13. Nc2 h3 14. g3 f6 15. exf6 gxf6 16. Re1 Kf7 17. Re4 Qg8 18. Kf2 Nxg3 19. hxg3 h2 20. Bd2 h1=Q 21. Rxh1 Rxh1 22. Qa6 Qb8 23. b4 cxb4 24. Ncxd4 Qb6 25. Qa4 Bc5 26. Be3 Bxd4 27. Bxd4 Qb7 28. c5 Rah8 29. Kg2 R1h5 30. Qb3 a5 0-1


[Site "https://www.chess.com"]

[Event "Titled Tuesday Blitz March 14 Late 2023"]
[White "Fernandez Garcia, Gumersindo"]
[Black "Urazayev, Arystanbek"]
[WhiteFideId "24516740"]
[BlackFideId "13709810"]
[WhiteElo "2093"]
[BlackElo "2479"]
[Result "1-0"]
[Round "05"]
[TimeControl "180+1"]
[Date "2023.03.14"]
[WhiteClock "0:00:26"]
[BlackClock "0:00:13"]

1. Nf3 d5 2. e3 Nf6 3. c4 c6 4. Nc3 a6 5. b3 b5 6. cxd5 cxd5 7. Bb2 Bf5 8. d3 e6 9. Be2 Nbd7 10. O-O Be7 11. Nd4 Rc8 12. Nxf5 exf5 13. Bf3 Ne5 14. Be2 Ng6 15. Bf3 O-O 16. Rc1 f4 17. exf4 Nxf4 18. Ne2 Rxc1 19. Bxc1 Ne6 20. Bb2 d4 21. Qd2 h6 22. g3 Qb6 23. Rc1 Rd8 24. h4 Nd5 25. Kg2 Bb4 26. Qc2 Nc3 27. Nxc3 dxc3 28. Bxc3 Bxc3 29. Qxc3 Nd4 30. Qc7 Qf6 31. Be4 h5 32. f4 g6 33. Qe5 Qb6 34. Rc7 Ne6 35. Re7 Nf8 36. Bd5 Rd7 37. Bxf7+ Kh7 38. Bxg6+ Kxg6 39. Qg5# 1-0


[Site "https://www.chess.com"]

[Event "Titled Tuesday Blitz March 14 Late 2023"]
[White "Filgueira, Hernan"]
[Black "Baches Garcia, Guillermo"]
[WhiteFideId "101770"]
[BlackFideId "2209764"]
[WhiteElo "2363"]
[BlackElo "2464"]
[Result "1-0"]
[Round "05"]
[TimeControl "180+1"]
[Date "2023.03.14"]
[WhiteClock "0:00:07"]
[BlackClock "0:00:06"]

1. c4 e6 2. Nc3 d5 3. d4 Nf6 4. cxd5 Nxd5 5. e3 c5 6. Nf3 cxd4 7. exd4 Nxc3 8. bxc3 Qc7 9. Bd2 Nd7 10. Bd3 Bd6 11. O-O b6 12. Qe2 Bb7 13. h3 O-O 14. c4 Rae8 15. Ng5 Nf6 16. f4 h6 17. Nf3 Bxf4 18. Ne5 Bxe5 19. dxe5 Nd7 20. Rae1 Nc5 21. Bc2 Rd8 22. Bxh6 Qc6 23. Bg5 Rd4 24. Rf2 Ne4 25. Rf4 Rd2 26. Qxe4 Qc5+ 27. Qe3 Rxg2+ 28. Kf1 Rxc2 29. Qxc5 bxc5 30. Re2 Rc3 31. Be7 Rb8 32. Bd6 Rc8 33. Ref2 Ba6 34. Rxf7 Bxc4+ 35. Kg2 Bd5+ 36. Kh2 Rc4 37. Bf8 Be4 38. Bxg7 Bg6 39. Rxa7 Rd8 40. Bf6 Rd3 41. Rg7+ Kf8 42. Rxg6 Kf7 43. Rg7+ Kf8 44. Rb2 Rcc3 45. Rb8+ 1-0


[Site "https://www.chess.com"]

[Event "Titled Tuesday Blitz March 14 Late 2023"]
[White "Filgueiras, Nathan Felipe"]
[Black "Cuenca Jimenez, Jose Fernando"]
[WhiteFideId "2188562"]
[BlackFideId "2255570"]
[WhiteElo "2241"]
[BlackElo "2429"]
[Result "1-0"]
[Round "05"]
[TimeControl "180+1"]
[Date "2023.03.14"]
[WhiteClock "0:00:05"]
[BlackClock "0:00:01"]

1. e4 c5 2. Nf3 Nc6 3. d4 cxd4 4. Nxd4 e5 5. Nb5 d6 6. a4 Be7 7. N1c3 a6 8. Na3 Nf6 9. Bc4 O-O 10. O-O Be6 11. Bg5 Rc8 12. Bxf6 Bxf6 13. Nd5 Bg5 14. c3 g6 15. Qe2 Kh8 16. Rad1 Qa5 17. Nc2 Ne7 18. Ncb4 Qxa4 19. Ra1 Qe8 20. Rfd1 Nc6 21. Nb6 Bxc4 22. Nxc4 Nxb4 23. Nxd6 Qe6 24. Nxc8 Nc6 25. Nd6 Qe7 26. Nc4 Qc5 27. Ne3 Kg7 28. Nd5 Bd8 29. b4 Qd6 30. Rab1 b5 31. Ra1 Nb8 32. Rac1 Qe6 33. c4 bxc4 34. Rxc4 h5 35. Kf1 h4 36. Rdc1 h3 37. g3 Qd7 38. Qb2 Qd6 39. b5 axb5 40. Qxb5 Bg5 41. R1c2 Qd8 42. Qb2 Nd7 43. Rc7 Re8 44. Qb5 Nf6 45. Qe2 Nxd5 46. exd5 Qxd5 47. f3 Qa5 48. Kf2 Qa1 49. R7c5 Qd4+ 50. Qe3 Qd6 51. Qxg5 Qd4+ 52. Qe3 Qd6 53. R5c3 e4 54. f4 Qd1 55. Re2 Qh1 56. Qd4+ Kh7 57. Ke3 Qf3+ 58. Kd2 Qf1 59. Kc2 Qa1 60. Rxe4 Qa2+ 61. Kd3 Qb1+ 62. Ke3 Qe1+ 63. Kd3 1-0


[Site "https://www.chess.com"]